 Dungeon Crawl Stone Soup version 0.31.0-11-ge490571c62 (webtiles) character file.

Game seed: 4057455054846415596

74 mopl the Caller (level 4, -6/24 HPs)
             Began as a Tengu Summoner on Feb 10, 2024.
             Mangled by a goblin
             ... wielding a +0 scimitar
              (10 damage)
             ... on level 2 of the Dungeon.
             The game lasted 00:02:25 (1022 turns).

mopl the Caller (Tengu Summoner)                    Turns: 1022, Time: 00:02:26

Health: -6/24      AC:  2    Str:  9    XL:     4   Next: 30%
Magic:  6/9        EV: 12    Int: 17    God:
Gold:   73         SH:  0    Dex: 14    Spells: 3/9 levels left

rFire   . . .        l - +0 falchion (flame)
rCold   . . .        (no shield)
rNeg    . . .        a - +0 robe
rPois   .            (helmet restricted)
rElec   .            (no cloak)
rCorr   .            (no gloves)
SInv    .            (boots unavailable)
Will    .....        (no amulet)
Stlth   ++           (no ring)
HPRegen 0.24/turn    (no ring)
MPRegen 0.11/turn

%: acrobat
@: inugami summoned
A: beak, talons 3, acrobatic
a: no special abilities


You were on level 2 of the Dungeon.
You visited 1 branch of the dungeon, and saw 2 of its levels.

You collected 91 gold pieces.
You spent 18 gold pieces at shops.

Inventory:

Hand Weapons
 c - a +0 mace
 l - a +0 falchion of flaming (weapon)
Missiles
 e - 3 curare-tipped darts
 o - 7 boomerangs
Armour
 a - a +0 robe (worn)
Scrolls
 f - a scroll of amnesia {unknown}
 g - a scroll of torment {unknown}
 h - a scroll of poison {unknown}
 k - 2 scrolls of teleportation {unknown}
 m - 2 scrolls of brand weapon {unknown}
 n - a scroll of identify {unknown}
Potions
 b - a potion of magic
 d - a potion of berserk rage {unknown}
 i - 2 potions of might {unknown}
 j - a potion of ambrosia {unknown}
 p - 2 potions of lignification {unknown}
 q - a potion of curing {unknown}


   Skills:
 - Level 2.1 Dodging
 - Level 2.0 Stealth
 + Level 3.2 Spellcasting
 + Level 5.9 Summonings


You had 3 spell levels left.
You knew the following spells:

 Your Spells              Type           Power      Damage    Failure   Level
a - Summon Small Mammal   Summ           88%        N/A       1%          1
b - Call Imp              Summ           44%        N/A       2%          2
c - Call Canine Familiar  Summ           22%        N/A       4%          3

Your spell library contained the following spells:

 Spells                   Type           Power      Damage    Failure   Level
 Blink                    Tloc           4%         N/A       26%         2
 Lesser Beckoning         Tloc           4%         N/A       26%         2
 Momentum Strike          Conj/Tloc      4%         3d8       26%         2
 Summon Blazeheart Golem  Fire/Summ      12%        N/A       45%         4
 Summon Lightning Spire   Summ/Air       12%        N/A       45%         4


Dungeon Overview and Level Annotations

Branches:
Dungeon (2/15)

Altars:

Shops:
D:1 *

Annotations:
D:2 Terence


Innate Abilities, Weirdness & Mutations

You have a beak for a mouth.
You have claws for feet.
You can magically evade attacks while moving or waiting.


Message History

You are frozen.
You see here a +0 club.
You hit the endoplasm. You burn the endoplasm.
You claw the endoplasm, but do no damage.
The endoplasm is moderately wounded.
The endoplasm freezes you.
You are frozen.
The endoplasm freezes you.
You are frozen.
A goblin comes into view. It is wielding a +0 scimitar.
The endoplasm attacks as it pursues you!
The endoplasm completely misses you.
The endoplasm attacks as it pursues you!
The endoplasm completely misses you.
You see here a +0 short sword.
The endoplasm attacks as it pursues you!
The endoplasm misses you.
A quokka comes into view.
The quokka moves out of view.
Casting: Call Imp (safe; 2% risk of failure)
Confirm with . or Enter, or press ? or * to list all spells.
You call for your canine familiar and it appears with a howl!
The endoplasm freezes you.
You are frozen.
You hit the endoplasm. You burn the endoplasm.
You kill the endoplasm!
Your inugami hits the endoplasm but does no damage.
You barely miss the endoplasm. You claw the endoplasm. You peck the endoplasm.
You kill the endoplasm!
Your inugami barely misses the goblin.
Something bites your inugami but does no damage.
You completely miss the goblin.
Your inugami closely misses the goblin.
Something misses your inugami. The goblin hits you with a +0 scimitar!
* * * LOW HITPOINT WARNING * * *
Something closely misses your inugami.
Your inugami closely misses the goblin.
Something bites your inugami but does no damage.
You completely miss the goblin. Your kick misses the goblin.
Your inugami barely misses the hobgoblin.
The goblin hits you with a +0 scimitar!
You die...

#.#. ###.†............... #...
#.....####†.########
#.####.#.######.## #.
#...............# ######.
#.##....######..###......
#.......##......##..#####
####..#.#####.###..#..##
#..)..).####..####....#### #
#<.g...#.gg@.###....#....###
#...$.#####h####.)..#######....
#..#..# ...####.#### #####...
.. #.. ............# #.....## .
...J....>..####...#####.#####
.... ......## #..<......# ##..
#.#### #...####### .. #...#
#(..#


You could see a hobgoblin, a goblin (ally target) and a friendly inugami
(summoned).

Vanquished Creatures
  A ribbon worm (D:1)
  A bat (D:1)
  6 endoplasms
  2 giant cockroaches (D:1)
  3 goblins
  3 hobgoblins
  3 jackals
  3 kobolds
  2 quokkas
  A ball python (D:1)
  A frilled lizard (D:1)
  6 rats
32 creatures vanquished.

Vanquished Creatures (collateral kills)
  Natasha (D:2)
  An adder (D:2)
  A jackal (D:2)
3 creatures vanquished.

Grand Total: 35 creatures vanquished

Notes
Turn   | Place    | Note
-------+----------+-------------------------------------------
     0 | D:1      | mopl the Tengu Summoner began the quest for the Orb.
     0 | D:1      | Reached XP level 1. HP: 10/10 MP: 4/4
    43 | D:1      | Reached skill level 5 in Summonings
    93 | D:1      | Reached XP level 2. HP: 15/15 MP: 6/6
   111 | D:1      | Learned a level 2 spell: Call Imp
   300 | D:1      | Found Igeps's Assorted Antiques.
   303 | D:1      | Bought a sedimented puce potion for 18 gold pieces
   580 | D:1      | Reached XP level 3. HP: 18/19 MP: 7/7
   615 | D:1      | Learned a level 3 spell: Call Canine Familiar
   709 | D:2      | Noticed Natasha
   759 | D:2      | Killed Natasha
   760 | D:2      | Reached XP level 4. HP: 11/24 MP: 4/9
   862 | D:2      | Noticed Terence
  1022 | D:2      | Mangled by a goblin

Illustrated notes

Levels and vault maps discovered:
D:1:      eino_arrival_water_cross, layout_basic, serial_shops,
          nicolae_shop_behind_doors, nicolae_wormholes
D:2:      layout_rooms, uniq_natasha, uniq_robin, uniq_terence

Skill      XL: |  1  2  3 |
---------------+----------+-----
Summonings     | 5 |  5.9
Spellcasting   | 3 |  3.2
Dodging        | |  2.1
Stealth        | |  2.0

Action                     |  1- 3 |  4- 6 || total
---------------------------+-------+-------++-------
  Melee: Mace              |    34 |       ||    34
         Peck              |    13 |     1 ||    14
         Kick              |    11 |     4 ||    15
         Falchion          |    14 |    15 ||    29
         Punch             |     1 |       ||     1
   Cast: Call Imp          |     5 |     1 ||     6
         Call Canine Famil |     2 |     2 ||     4
   Stab: Sleeping          |     8 |       ||     8
 Armour: Robe              |    25 |     3 ||    28
  Dodge: Dodged            |    40 |    14 ||    54
